 Dungeon Crawl Stone Soup version 0.23-b1-75-g379dba2534 (webtiles) character file.

Game seed: 9950868282837108435

102 Peloso the Covered (level 4, -1/41 HPs)
             Began as a Minotaur Fighter on Feb 7, 2019.
             Killed from afar by an orc wizard (11 damage)
             ... with a puff of frost
             ... on level 3 of the Dungeon.
             The game lasted 00:04:04 (1960 turns).

Peloso the Covered (Minotaur Fighter)               Turns: 1960, Time: 00:04:06

Health: -1/41      AC:  8    Str: 20    XL:     4   Next: 50%
Magic:  3/3        EV: 12    Int:  5    God:
Gold:   156        SH:  9    Dex: 11    Spells: 3/3 levels left

rFire    . . .     SeeInvis .   a - +0 long sword
rCold    . . .     Gourm    .   c - +0 shield
rNeg     . . .     Faith    +   b - +0 scale mail
rPois    .         Spirit   .   (helmet restricted)
rElec    .         Reflect  .   (no cloak)
rCorr    .         Harm     .   (no gloves)
MR       .....                  o - +0 pair of boots
Stlth    ..........             i - amulet of faith
HPRegen  0.13/turn              e - +4 ring of evasion
MPRegen  0.08/turn              l - ring of wizardry

@: no status effects
A: retaliatory headbutt, horns 2
a: no special abilities


You were on level 3 of the Dungeon.
You were hungry.

You visited 1 branch of the dungeon, and saw 3 of its levels.

You collected 156 gold pieces.

Inventory:

Hand Weapons
 a - a +0 long sword (weapon)
Armour
 b - a +0 scale mail (worn)
 c - a +0 shield (worn)
 o - a +0 pair of boots (worn)
Jewellery
 e - a +4 ring of evasion (left hand)
 i - an amulet of faith (around neck)
 l - a ring of wizardry (right hand)
Scrolls
 g - 2 scrolls of identify {unknown}
 h - 4 scrolls of random uselessness {unknown}
 j - a scroll of remove curse {unknown}
 m - a scroll of teleportation {unknown}
 n - 2 scrolls of enchant weapon {unknown}
 r - a scroll of blinking {unknown}
Potions
 d - a potion of might
 k - a potion of berserk rage {unknown}
 p - a potion of curing {unknown}
 q - a potion of haste {unknown}
Comestibles
 f - 5 rations


   Skills:
 + Level 4.4 Fighting
 + Level 3.1 Long Blades
 + Level 4.5 Armour
 + Level 1.0 Dodging
 + Level 4.5 Shields


You had 3 spell levels left.
You didn't know any spells.
Your spell library was empty.

Dungeon Overview and Level Annotations

Branches:
Dungeon (3/15)

Altars:
Elyvilon
Fedhas
Gozag
Nemelex Xobeh
Sif Muna
Vehumet
Wu Jian


Innate Abilities, Weirdness & Mutations

You reflexively headbutt those who attack you in melee.
You have a pair of horns on your head.


Message History

The orc wizard hits you but does no damage.
You closely miss the orc wizard.
The orc wizard is almost dead.
The orc wizard gestures wildly while chanting.
The orc wizard flickers and vanishes!
Deactivating autopickup; reactivate with Ctrl-A.
Something hits you.
You closely miss something.
You hear some strange, mumbled words.
A magic dart appears from out of thin air!
The magic dart hits you.
* * * LOW HITPOINT WARNING * * *
Something barely misses you.
You closely miss something. Something hits you.
* * * LOW HITPOINT WARNING * * *
The orc priest miscasts a cantrip.
You hear some strange, mumbled words.
A puff of frost appears from out of thin air!
The puff of frost hits you!
You die...

.######......#.#
##♣♣♣♣####...#.#
♣♣....♣♣♣###.#.#
.........♣♣#.#.#
..........♣#...#
..........♣#...#
..........♣#...##
♣♣♣♣♣.._..♣#....####.###
#♣⌠.⌠♣#♣....@{oo....
#♣♣♣#♣..#.#####.###
♣..♣#.. ...♣ #.. .[..
..# ... .## .. ##


You could see an orc priest and an orc.

Vanquished Creatures
  3 adders
  2 oozes
  2 worms (D:3)
  2 dart slugs (D:1)
  A leopard gecko (D:3)
  3 orcs (D:3)
  6 bats
  6 giant cockroaches
  10 goblins
  2 hobgoblins
  7 kobolds
  A quokka (D:2)
  2 ball pythons (D:1)
  2 frilled lizards
  4 rats
53 creatures vanquished.

Notes
Turn   | Place    | Note
-------+----------+-------------------------------------------
     0 | D:1      | Peloso the Minotaur Fighter began the quest for the Orb.
     0 | D:1      | Reached XP level 1. HP: 19/19 MP: 0/0
   263 | D:1      | Reached XP level 2. HP: 20/27 MP: 1/1
   827 | D:2      | Found an ornate altar of the Wu Jian Council.
   843 | D:2      | Reached XP level 3. HP: 31/33 MP: 2/2
  1631 | D:3      | Reached XP level 4. HP: 40/40 MP: 3/3
  1658 | D:3      | Reached skill level 1 in Dodging
  1669 | D:3      | Found a blossoming altar of Fedhas.
  1736 | D:3      | Found a white marble altar of Elyvilon.
  1802 | D:3      | Found a sparkling altar of Nemelex Xobeh.
  1802 | D:3      | Found a radiant altar of Vehumet.
  1803 | D:3      | Found an opulent altar of Gozag.
  1812 | D:3      | Found a deep blue altar of Sif Muna.
  1960 | D:3      | Killed from afar by an orc wizard

Skill      XL: |  1  2  3  4 |
---------------+-------------+-----
Shields        | 4 |  4.5
Armour         | 4 |  4.5
Fighting       | 4 |  4.4
Long Blades    | 3 |  3.1
Dodging        | 1 |  1.0

Action                   |  1- 3 |  4- 6 || total
-------------------------+-------+-------++-------
Melee: Long sword        |    96 |    39 ||   135
       Headbutt          |    17 |     5 ||    22
  Use: Potion            |     1 |       ||     1
  Eat: Chunk             |     2 |     1 ||     3
Armor: Scale mail        |    57 |    14 ||    71
Dodge: Dodged            |    36 |    12 ||    48
Block: Shield            |    63 |    12 ||    75
       Rpst.: Long sword |     7 |       ||     7
